 Dungeon Sprint DCSS version 0.24-a0-249-g2af7e83 (webtiles) character file.

Game seed: 187985461625958200

136 MikeHunt the Blocker (level 5, -2/41 HPs)
             Began as a Formicid Fighter on Apr 13, 2019.
             Was an Initiate of Gozag.
             Splashed by an oklob sapling wizard's acid (15 damage)
             ... in the Dungeon (Sprint IV: "Fedhas' Mad Dash").
             The game lasted 00:01:28 (661 turns).

MikeHunt the Blocker (Formicid Fighter)              Turns: 661, Time: 00:01:29

Health: -2/41      AC:  6    Str: 21    XL:     5   Next: 43%
Magic:  5/5        EV:  9    Int:  7    God:    Gozag
Gold:   202        SH: 11    Dex: 11    Spells: 4/4 levels left

rFire    . . .     SeeInvis +   a - +0 quarterstaff
rCold    . . .     Gourm    .   c - +0 shield
rNeg     . . .     Faith    .   b - +0 scale mail
rPois    .         Spirit   .   (helmet unavailable)
rElec    .         Reflect  .   (no cloak)
rCorr    .         Harm     .   (no gloves)
MR       .....                  (no boots)
Stlth    ..........             m - amulet of invisibility {+Inv}
HPRegen  0.13/turn              (no ring)
MPRegen  0.09/turn              (no ring)

@: no status effects
A: permanent stasis, dig shafts and tunnels, four strong arms, antennae 3
a: Dig, Potion Petition, Call Merchant, Bribe Branch, Renounce Religion, Evoke
Invisibility


You were in the Dungeon.
You worshipped Gozag.
Gozag was aware of your devotion.
You were not hungry.

You visited 1 branch You collected 202 gold pieces.

Inventory:

Hand Weapons
 a - a +0 quarterstaff (weapon)
Armour
 b - a +0 scale mail (worn)
 c - a +0 shield (worn)
Jewellery
 m - the amulet of invisibility (around neck) {+Inv}
   (You found it in the Dungeon)

   [amulet of nothing]

   It lets you turn invisible.
Scrolls
 k - a scroll of blinking
Potions
 d - a potion of might
 e - a potion of curing
 g - a potion of heal wounds
 h - a potion of haste
 i - 2 potions of magic
 j - a potion of berserk rage
Comestibles
 f - a ration


   Skills:
 + Level 3.2 Fighting
 + Level 7.2 Staves
 - Level 3.2 Armour
 - Level 9.2 Shields


You had 4 spell levels left.
You didn't know any spells.
Your spell library was empty.

Dungeon Overview and Level Annotations

Branches:
Dungeon (1/1)

Altars:
Cheibriados
Dithmenos
Elyvilon
Gozag
Hepliaklqana
Kikubaaqudgha
Makhleb
Nemelex Xobeh
Okawaru
Qazlal
Ru
Sif Muna
Trog
Uskayaw
Vehumet
Wu Jian
Xom
Yredelemnul
Zin
The Shining One
Beogh
Jiyva
Lugonu

Annotations:
D exclusion: oklob sapling


Innate Abilities, Weirdness & Mutations

You cannot be hasted, slowed, berserked, paralysed or teleported.
You can dig through walls and to a lower floor.
Your four strong arms can wield two-handed weapons with a shield.
You have a pair of large antennae on your head. (SInv)


Message History

You open the door.
Marking area around the oklob sapling wizard as unsafe for travelling.
An oklob sapling wizard comes into view.
The oklob sapling wizard looks satisfied for a moment.
Found a ration.
Unknown command.
The oklob sapling wizard looks satisfied for a moment.
Found a potion of heal wounds.
There is an open door here.
Unknown command.
Unknown command.
The oklob sapling wizard spits acid at you.
The splash of acid hits you!
You are splashed with acid!
Unknown command.
You hit the oklob sapling wizard.
The oklob sapling wizard is moderately damaged.
The oklob sapling wizard spits acid at you.
The splash of acid hits you!
You are splashed with acid!
You die...
Your body crumbles into a pile of gold.

###################
.#.⌠._._._._.⌠.#.%+${{
.'.._._._._._..'@P#${$
$ .#..._._._._...#..#
$$ ##.._._._._._..#.!#
$ .#._._._._._.⌠.####
.############### { ##
{ { { $$ $


You could see an oklob sapling wizard.

Vanquished Creatures
  3 oklob saplings (D)
  A worker ant (D)
  A river rat (D)
  A rat (D)
6 creatures vanquished.

Notes
Turn   | Place    | Note
-------+----------+-------------------------------------------
     0 | D        | MikeHunt the Formicid Fighter began the quest for the Orb.
     0 | D        | Reached XP level 1. HP: 18/18 MP: 1/1
    18 | D        | Reached skill level 5 in Shields
    18 | D        | Reached XP level 2. HP: 10/24 MP: 2/2
   182 | D        | Noticed an oklob sapling
   183 | D        | Killed an oklob sapling
   183 | D        | Reached skill level 6 in Shields
   183 | D        | Reached XP level 3. HP: 29/29 MP: 3/3
   187 | D        | Reached skill level 5 in Staves
   187 | D        | Reached skill level 7 in Shields
   187 | D        | Reached XP level 4. HP: 35/35 MP: 4/4
   190 | D        | Found the amulet of invisibility {+Inv}
   205 | D        | Found an opulent altar of Gozag.
   205 | D        | Found a hazy altar of Hepliaklqana.
   205 | D        | Found a roughly hewn altar of Beogh.
   205 | D        | Found a snail-covered altar of Cheibriados.
   208 | D        | Found a viscous altar of Jiyva.
   208 | D        | Found a burning altar of Makhleb.
   208 | D        | Found a sparkling altar of Nemelex Xobeh.
   208 | D        | Found a sacrificial altar of Ru.
   208 | D        | Found a deep blue altar of Sif Muna.
   208 | D        | Found a bloodstained altar of Trog.
   208 | D        | Found an ornate altar of the Wu Jian Council.
   208 | D        | Found a shimmering altar of Xom.
   208 | D        | Found a basalt altar of Yredelemnul.
   208 | D        | Noticed an oklob sapling priest
   209 | D        | Found an iron altar of Okawaru.
   209 | D        | Found a shadowy altar of Dithmenos.
   209 | D        | Found a glowing silver altar of Zin.
   210 | D        | Found an ancient bone altar of Kikubaaqudgha.
   210 | D        | Found a hide-covered altar of Uskayaw.
   211 | D        | Found a stormy altar of Qazlal.
   211 | D        | Found a white marble altar of Elyvilon.
   211 | D        | Found a glowing golden altar of the Shining One.
   212 | D        | Became a worshipper of Gozag Ym Sagoz the Greedy
   213 | D        | Found a radiant altar of Vehumet.
   213 | D        | Found a corrupted altar of Lugonu.
   219 | D        | Killed an oklob sapling priest
   219 | D        | Reached skill level 8 in Shields
   219 | D        | Reached XP level 5. HP: 14/41 MP: 3/5
   432 | D        | Reached skill level 9 in Shields
   661 | D        | Splashed by an oklob sapling wizard's acid

Levels and vault maps discovered:
D:        dungeon_sprint_fedhas [sprint_temple]

Skill      XL: |  1  2  3  4  5 |
---------------+----------------+-----
Staves         | 3 4 5 6 7 |  7.2
Shields        | 5 6 7 8 9 |  9.2
Fighting       | |  3.2
Armour         | |  3.2

Action                   |  1- 3 |  4- 6 || total
-------------------------+-------+-------++-------
Melee: Quarterstaff      |    17 |     8 ||    25
 Abil: Evoke Invisibilit |       |     2 ||     2
 Stab: Invisible         |       |     1 ||     1
Armor: Scale mail        |     6 |       ||     6
Dodge: Dodged            |     3 |       ||     3
Block: Shield            |     7 |       ||     7

Table legend:
 A = Non-vault XP
 B = Vault XP
 C = Vault XP percentage of total XP
 D = Non-vault monster count
 E = Vault monster count
 F = Vault count percentage of total count
                 A         B        C        D         E       F
            +---------+---------+-------+---------+---------+-------
      Total |       0 |     195 | 100.0 |       0 |       6 | 100.0
            +---------+---------+-------+---------+---------+-------
          D |       0 |     195 | 100.0 |       0 |       6 | 100.0
            +---------+---------+-------+---------+---------+-------
